 Dungeon Crawl Stone Soup version 0.27.1-1-g398f81649c (webtiles) character file.

Game seed: 5294185843397948475

30 Dakon the Grave Robber (level 3, -1/24 HPs)
             Began as a Vampire Necromancer on Sept 15, 2021.
             Slain by a gnoll (3 damage)
             ... on level 2 of the Dungeon.
             The game lasted 00:06:06 (1137 turns).

Dakon the Grave Robber (Vampire Necromancer)        Turns: 1137, Time: 00:06:07

Health: -1/24      AC:  3    Str:  7    XL:     3   Next: 5%
Magic:  0/6        EV: 12    Int: 18    God:
Gold:   84         SH:  0    Dex: 14    Spells: 3/6 levels left

rFire    . . .     SeeInvis +     - Unarmed
rCold    . . .     Faith    .   (no shield)
rNeg     . . .     Spirit   .   a - +0 robe
rPois    .         Reflect  .   (no helmet)
rElec    .         Harm     .   (no cloak)
rCorr    .         Rampage  .   b - +0 pair of gloves
Will     .....                  (no boots)
Stlth    ++........             (no amulet)
HPRegen  0.28/turn              (no ring)
MPRegen  0.10/turn              (no ring)

@: healing quickly
A: alive, fangs 3, see invisible, vampiric 2
a: Exsanguinate


You were on level 2 of the Dungeon.
You visited 1 branch of the dungeon, and saw 2 of its levels.

You collected 84 gold pieces.

Inventory:

Armour
 a - a +0 robe (worn)
 b - a +0 pair of gloves (worn)
Scrolls
 c - 2 scrolls of identify
 d - a scroll of summoning {unknown}


   Skills:
 + Level 2.5 Dodging
 + Level 3.5 Stealth
 + Level 1.1 Unarmed Combat
 + Level 2.2 Spellcasting
 + Level 4.6 Necromancy


You had 3 spell levels left.
You knew the following spells:

 Your Spells              Type           Power      Damage    Failure   Level
a - Pain                  Necr           72%        1d7       2%          1
b - Animate Skeleton      Necr           36%        N/A       2%          1
c - Shock                 Conj/Air       8%         1d3       19%         1

Your spell library contained the following spells:

 Spells                   Type           Power      Damage    Failure   Level
 Vampiric Draining        Necr           9%         2d7       8%          3
 Swiftness                Air            2%         N/A       47%         3
 Animate Dead             Necr           9%         N/A       26%         4
 Agony                    Necr           18%        N/A       56%         5
 Airstrike                Air            1%         N/A       87%         4


Dungeon Overview and Level Annotations

Branches:
Dungeon (2/15)

Altars:


Innate Abilities, Weirdness & Mutations

Your natural rate of healing is accelerated.
You have razor-sharp teeth.
You have supernaturally acute eyesight. (SInv)
You are afflicted with vampirism and can become a bat while bloodless.


Message History

The gnoll is lightly wounded.
A gnoll comes into view. It is wielding a +0 whip.
The gnoll hits you but does no damage.
You hit the gnoll.
The gnoll is moderately wounded.
The gnoll closely misses you.
A frilled lizard comes into view.
The frilled lizard hisses angrily.
You hit the gnoll but do no damage.
The gnoll is moderately wounded.
The gnoll closely misses you.
Casting: Shock (safe; 19% risk of failure)
Confirm with . or Enter, or press ? or * to list all spells.
Aiming: Pain (safe; 2% risk of failure)
Press: ? - help, Shift-Dir - straight line, f/p - gnoll
Aim: a gnoll, wielding a +0 spear (moderately wounded, chance to affect: 82%)
The gnoll writhes in agony!
The gnoll hits you with a +0 spear.
Your magical contamination has completely faded away.
You hit the gnoll.
The gnoll is almost dead.
The gnoll hits you with a +0 spear.
You hit the gnoll but do no damage.
The gnoll is almost dead.
The gnoll hits you with a +0 spear!
* * * LOW HITPOINT WARNING * * *
You barely miss the gnoll.
The gnoll is almost dead.
The gnoll closely misses you.
You hit the gnoll.
You kill the gnoll!
Your Unarmed Combat skill increases to level 1!
You have reached level 3!
Your experience leads to an increase in your attributes!
Increase (S)trength, (I)ntelligence, or (D)exterity?
You feel clever.
You can now turn into a vampire bat when bloodless.
You closely miss the gnoll.
The gnoll is moderately wounded.
The gnoll hits you with a +0 whip.
You die...

... ... #.# #.# #l# #g#
#g# #@# #### #.# ##..#
#.# ##..## #.###..###
#######.#...##.#
#.)<.......###.#
#..........# #.#
########..........# #.#
##.....##.......^..###.#


You could see 2 gnolls and a frilled lizard.

Vanquished Creatures
  A gnoll (D:2)
  3 endoplasms (D:1)
  2 giant cockroaches (D:1)
  A goblin (D:1)
  A hobgoblin (D:1)
  2 kobolds (D:1)
  A quokka (D:2)
  3 ball pythons
  2 bats
  2 frilled lizards (D:1)
  2 rats (D:1)
20 creatures vanquished.

Vanquished Creatures (collateral kills)
  A bat (D:1)
1 creature vanquished.

Grand Total: 21 creatures vanquished

Notes
Turn   | Place    | Note
-------+----------+-------------------------------------------
     0 | D:1      | Dakon the Vampire Necromancer began the quest for the Orb.
     0 | D:1      | Reached XP level 1. HP: 13/13 MP: 3/3
     2 | D:1      | Learned a level 1 spell: Animate Skeleton
   251 | D:1      | Found a faded altar of an unknown god.
   325 | D:1      | Reached XP level 2. HP: 18/19 MP: 0/5
  1094 | D:2      | Learned a level 1 spell: Shock
  1137 | D:2      | Reached skill level 1 in Unarmed Combat
  1137 | D:2      | Gained mutation: You are afflicted with vampirism and can
                  | become a bat while bloodless. [Vampire growth]
  1137 | D:2      | Reached XP level 3. HP: 2/24 MP: 0/6
  1137 | D:2      | Slain by a gnoll

Illustrated notes

Levels and vault maps discovered:
D:1:      heliophobic_arrival_dark_side_of_the_moon, layout_loops_ring,
          hellmonk_ecumenical_altar_arch_garden, minmay_misc_feat_roman
D:2:      layout_rooms, minmay_misc_feat_square, uniq_crazy_yiuf_cottage

Skill      XL: |  1  2 |
---------------+-------+-----
Unarmed Combat | 1 |  1.1
Dodging        | |  2.5
Stealth        | |  3.5
Spellcasting   | |  2.2
Necromancy     | |  4.6

Action                   || total
-------------------------++-------
Melee: Unarmed           ||    15
 Cast: Pain              ||    30
       Animate Skeleton  ||     3
       Shock             ||     3
  Use: Scroll            ||     1
Armor: Robe              ||     1
Dodge: Dodged            ||    11
